cohdb
Replays
Latest Replays
All Replays
Popular Replays
Top Player Replays
Match Explorer
How It Works
Community
CoH3 Stats
Reddit
Sign in to upload your games and track your stats! →
Sign in with Steam
Match 45055947
Unlisted
Match 45055947
Overview
Messages
Build Orders
End
Construct Infanterie Kompanie
Pioneer Squad
Selects Breakthrough Battlegroup
Selects Assault Grenadiers
Grenadier Squad
MG 42 Machine Gun Team
Grenadier Squad
Construct Panzergrenadier Kompanie
Selects Rapid Production
251 Medium Carrier
Pak 40 Anti-tank Gun Team
Infanterie Officer Quarters
GrW 34 Mortar Team
Panzergrenadier Squad
Construct Panzer Kompanie
Stoßtruppen Squad
Pak 40 Anti-tank Gun Team
Panzer IV Medium Tank
Selects Blitzkrieg
Panzer IV Medium Tank
Selects Tiger Heavy Tank
Pak 40 Anti-tank Gun Team
Tiger Heavy Tank
matt197
Sandghost91
MuchShiba
Ripsy
0
0
Comments
sign in to comment!
No comments posted yet!